 Dungeon Crawl Stone Soup version 0.32-a0-768-g0f6f1dd4b9 (webtiles) character file.

Game seed: 446828887961801763

46 gimp the Digger (level 3, 0/24 HPs)
             Began as a Barachi Earth Elementalist on Mar 19, 2024.
             Slain by a gnoll
             ... wielding a +0 flail
              (4 damage)
             ... on level 1 of the Dungeon.
             The game lasted 00:03:44 (928 turns).

gimp the Digger (Barachi Earth Elementalist)         Turns: 928, Time: 00:03:46

Health: 0/24       AC:  2    Str:  9    XL:     3   Next: 66%
Magic:  3/7        EV: 11    Int: 17    God:
Gold:   27         SH:  0    Dex: 12    Spells: 6/7 levels left

rFire   . . .        (no weapon)
rCold   . . .        (no shield)
rNeg    . . .        a - +0 robe
rPois   .            (no helmet)
rElec   .            (no cloak)
rCorr   .            (no gloves)
SInv    .            (no boots)
Will    .....        (no amulet)
Stlth   ++           (no ring)
HPRegen 0.24/turn    (no ring)
MPRegen 0.10/turn

%: no passive effects
@: unable to hop, slow
A: amphibious, slowness 1, strong legs 1, +LOS
a: Hop


You were on level 1 of the Dungeon.
You visited 1 branch of the dungeon, and saw 2 of its levels.

You collected 27 gold pieces.

Inventory:

Armour
 a - a +0 robe (worn)
Scrolls
 b - a scroll of poison {unknown}
 c - a scroll of fear {unknown}
 d - a scroll of enchant armour {unknown}
 e - a scroll of enchant weapon {unknown}


   Skills:
 - Level 2.1 Dodging
 - Level 1.7 Stealth
 + Level 2.7 Spellcasting
 * Level 2.7 Conjurations
 + Level 3.4 Earth Magic


You had 6 spell levels left.
You knew the following spells:

 Your Spells              Type           Power      Damage    Failure   Level
a - Sandblast             Erth           26%        2d8       4%          1

Your spell library contained the following spells:

 Spells                   Type           Power      Damage    Failure   Level
 Passwall                 Erth           13%        N/A       13%         3
 Stone Arrow              Conj/Erth      24%        3d8       16%         3
 Brom's Barrelling Bould  Conj/Erth      12%        2d4       45%         4
 Petrify                  Alch/Erth      8%         N/A       65%         4


Dungeon Overview and Level Annotations

Branches:
Dungeon (2/15)

Altars:


Innate Abilities, Weirdness & Mutations

You are amphibious.
You cover ground slowly.
You can hop short distances.
You have an extended range of vision and can be seen from far away.


Message History

You are very lightly contaminated with residual magic.
Nothing appears to happen.
The endoplasm freezes you.
You are frozen.
The goblin hits you with a +0 club.
You take 7 damage, and have 12/24 hp.
MASSIVE DAMAGE!!
Casting: Sandblast (safe; 4% risk of failure)
Confirm with . or Enter, or press ? or * to list all spells.
Aiming: Sandblast (safe; 4% risk of failure)
Press: ? - help, Shift-Dir - straight line, f - endoplasm, p - goblin
Aim: an endoplasm (98% to hit)
The blast of sand hits the endoplasm.
The endoplasm is heavily wounded.
The endoplasm closely misses you. The goblin hits you with a +0 club.
The endoplasm freezes you.
You are frozen.
* * * LOW HITPOINT WARNING * * *
The goblin hits you with a +0 club.
* * * LOW HITPOINT WARNING * * *
You take 8 damage, and have 4/24 hp.
MASSIVE DAMAGE!!
You now have 1/7 mp.
Casting: Sandblast (safe; 4% risk of failure)
Confirm with . or Enter, or press ? or * to list all spells.
Aiming: Sandblast (safe; 4% risk of failure)
Press: ? - help, Shift-Dir - straight line, f/p - endoplasm
Aim: an endoplasm (moderately wounded, 98% to hit)
The blast of sand hits the endoplasm!
You kill the endoplasm!
The goblin barely misses you.
You now have 0/7 mp.
You aren't carrying any potions.
Unknown command.
Hop to where?
Press: ? - help, Dir - move target Boing!
Your magical contamination has completely faded away.
Casting: Sandblast (safe; 4% risk of failure)
Confirm with . or Enter, or press ? or * to list all spells.
Aiming: Sandblast (safe; 4% risk of failure)
Press: ? - help, Shift-Dir - straight line, f - goblin
Aim: a goblin, wielding a +0 club (77% to hit)
The blast of sand hits the goblin!
You kill the goblin!
You now have 0/7 mp.
You are ready to hop once more.
Magic restored.
HP restored.
Done exploring.
Health restored: 24; MP restored: 7
There is a stone staircase leading down here.
You climb downwards.
The gnoll hits you with a +0 flail.
The kobold hits you with a +0 short sword.
The kobold hits you but does no damage. The gnoll barely misses you.
There is a stone staircase leading up here.
You take 5 damage, and have 19/24 hp.
MASSIVE DAMAGE!!
The gnoll closely misses you. The kobold barely misses you.
You climb upwards.
There is a stone staircase leading down here.
Casting: Sandblast (safe; 4% risk of failure)
Confirm with . or Enter, or press ? or * to list all spells.
Aiming: Sandblast (safe; 4% risk of failure)
Press: ? - help, Shift-Dir - straight line, f - gnoll
Aim: a gnoll, wielding a +0 flail (84% to hit)
Okay, then.
Hop to where?
Press: ? - help, Dir - move target Boing!
Casting: Sandblast (safe; 4% risk of failure)
Confirm with . or Enter, or press ? or * to list all spells.
Aiming: Sandblast (safe; 4% risk of failure)
Press: ? - help, Shift-Dir - straight line, f - kobold
Aim: a kobold, wielding a +0 short sword (77% to hit)
The blast of sand hits the kobold but does no damage.
The kobold hits you with a +0 short sword.
You take 1 damage, and have 19/24 hp.
You now have 6/7 mp.
Casting: Sandblast (safe; 4% risk of failure)
Confirm with . or Enter, or press ? or * to list all spells.
Aiming: Sandblast (safe; 4% risk of failure)
Press: ? - help, Shift-Dir - straight line, f/p - kobold
Aim: a kobold, wielding a +0 short sword (77% to hit)
The blast of sand hits the kobold!
You kill the kobold!
You now have 5/7 mp.
Casting: Sandblast (safe; 4% risk of failure)
Confirm with . or Enter, or press ? or * to list all spells.
Aiming: Sandblast (safe; 4% risk of failure)
Press: ? - help, Shift-Dir - straight line, f - gnoll
Aim: a gnoll, wielding a +0 flail (84% to hit)
The blast of sand hits the gnoll.
The gnoll is heavily wounded.
The gnoll hits you with a +0 flail! The gnoll hits you with a +0 flail.
* * * LOW HITPOINT WARNING * * *
You take 16 damage, and have 3/24 hp.
MASSIVE DAMAGE!!
You now have 4/7 mp.
Casting: Sandblast (safe; 4% risk of failure)
Confirm with . or Enter, or press ? or * to list all spells.
Aiming: Sandblast (safe; 4% risk of failure)
Press: ? - help, Shift-Dir - straight line, f/p - gnoll
Aim: a gnoll, wielding a +0 flail (heavily wounded, 84% to hit)
The blast of sand hits the gnoll!
The gnoll is almost dead.
The gnoll hits you with a +0 flail.
You die...

#......##.........##..####..#
#....#.##.............#.....#
#.......#.........##....#.###
#...##.................#..#
######.....>......####...##
###...........###..#######
#......................#
#..)###g##############..
###.###@# ##. #.##..# ##
#..#.## # ##...# #####


You could see a gnoll.

Vanquished Creatures
  A gnoll (D:1)
  An adder (D:2)
  5 endoplasms (D:1)
  4 goblins
  2 jackals (D:1)
  4 ball pythons
  3 bats (D:1)
  2 frilled lizards
  4 kobolds (D:1)
  A rat (D:1)
27 creatures vanquished.

Notes
Turn   | Place    | Note
-------+----------+-------------------------------------------
     0 | D:1      | gimp the Barachi Earth Elementalist began the quest for the
                  | Orb.
     0 | D:1      | Reached XP level 1. HP: 13/13 MP: 3/3
   175 | D:1      | Reached XP level 2. HP: 5/19 MP: 3/5
   741 | D:1      | Reached XP level 3. HP: 24/24 MP: 1/6
   928 | D:1      | Slain by a gnoll

Illustrated notes

Levels and vault maps discovered:
D:1:      wander_arrival_lonely_grave, layout_rooms
D:2:      minmay_wonky_spiral, layout_rooms, serial_forest,
          infiniplex_forest_lined_2, infiniplex_forest_lined_room_2,
          infiniplex_forest_end_double, infiniplex_forest_fountain

Skill      XL: |  1  2 |
---------------+-------+-----
Conjurations   | 2 |  2.7
Dodging        | |  2.1
Stealth        | |  1.7
Spellcasting   | |  2.7
Earth Magic    | |  3.4

Action                     || total
---------------------------++-------
  Melee: Unarmed           ||     2
   Cast: Sandblast         ||    43
Ability: Hop               ||     3
    Use: Potion            ||     1
 Armour: Robe              ||    23
  Dodge: Dodged            ||    14

Table legend: (Time is in decaauts)
 A = Elapsed time spent in this place.
 B = Non-inter-level travel time spent in this place.
 C = Inter-level travel time spent in this place.
 D = Time resting spent in this place.
 E = Time spent auto-exploring this place.
 F = Levels seen in this place.
 G = Mean time per level.
                   A        B        C        D        E       F      G
               +--------+--------+--------+--------+--------+-----+--------+
         Total |   1047 |    967 |     80 |      0 |    782 |   2 |  523.5 |
       Dungeon |   1047 |    967 |     80 |      0 |    782 |   2 |  523.5 |
               +--------+--------+--------+--------+--------+-----+--------+

Top non-repeatable levels by time:
     D:1: 973 daAuts
     D:2: 73 daAuts
